 Dungeon Crawl Stone Soup version 0.16-a0-3722-g5e7e3b6 (webtiles) character file.

10314 DEFE the Carver (level 11, 0/64 HPs)
             Began as a High Elf Warper on Jan 21, 2015.
             Was an Initiate of Ru.
             Slain by a yak (10 damage)
             ... on level 2 of the Lair of Beasts.
             The game lasted 01:01:33 (19394 turns).

DEFE the Carver (High Elf Warper)                  Turns: 19394, Time: 01:01:34

Health: 0/64       AC: 11    Str: 13    XL:     11   Next: 34%
Magic:  20/24      EV: 19    Int: 18    God:    Ru [......]
Gold:   559        SH:  0    Dex: 15    Spells: 4 memorised, 6 levels left

rFire  . . .     SeeInvis .     a - +1 falchion
rCold  + . .     Clarity  .     h - +3 leather armour {rC+}
rNeg   . . .     SustAb   .     (no shield)
rPois  .         Gourm    .     (no helmet)
rElec  .         Spirit   .     C - +2 cloak
rCorr  .         Warding  .     (no gloves)
rMut   .         Stasis   .     F - +0 pair of boots
MR     ++...                    (no amulet)
Stlth  ..........               T - ring of protection from magic
                                l - +2 ring of evasion

@: very slightly contaminated, very resistant to hostile enchantments, extremely
unstealthy
A: no stealth
a: Renounce Religion


You were on level 2 of the Lair of Beasts.
You worshipped Ru.
Ru was noncommittal.
You were very hungry.

You visited 3 branches of the dungeon, and saw 12 of its levels.
You also visited: Ossuary.

You collected 559 gold pieces.

Inventory:

Hand weapons
 a - a +1 falchion (weapon)
 L - a +0 long sword
Missiles
 H - 8 tomahawks (quivered)
Armour
 b - a +0 leather armour
 h - a +3 leather armour of cold resistance (worn)
 C - a +2 cloak (worn)
 F - a +0 pair of boots (worn)
Jewellery
 i - a +3 ring of strength
 l - a +2 ring of evasion (left hand)
 q - an uncursed ring of sustain abilities
 t - a +2 ring of intelligence
 x - a cursed ring of ice
 y - an uncursed ring of fire
 T - a ring of protection from magic (right hand)
Magical devices
 k - a wand of fire (0)
 D - a wand of lightning (0)
 I - a wand of frost (16)
 P - a wand of fireball (1)
Scrolls
 d - a scroll of magic mapping
 g - a scroll of immolation {unknown}
 j - 2 scrolls of noise {unknown}
 m - a scroll of recharging
 n - 2 scrolls of enchant armour
 o - 4 scrolls of fog {unknown}
 p - 5 scrolls of remove curse
 A - a scroll of enchant weapon
 B - 4 scrolls of amnesia {unknown}
 G - a scroll of vulnerability
 Q - a scroll of identify
Potions
 e - a potion of brilliance
 r - a potion of flight {unknown}
 u - a potion of lignification {unknown}
 v - a potion of agility {unknown}
 w - a potion of might
 z - 2 potions of invisibility
 E - a potion of resistance {unknown}
 J - 3 potions of berserk rage
 M - 2 potions of magic
 N - a potion of restore abilities
Books
 c - a book of Spatial Translocations

   Spells                             Type                      Level
   a - Apportation                    Translocation                1
   b - Blink                          Translocation                2
   c - Shroud of Golubria             Charms/Translocation         2
   d - Portal Projectile              Translocation                3
   e - Teleport Other                 Translocation                3
   f - Passage of Golubria            Translocation                4
Comestibles
 K - 2 bread rations
 O - 15 fruits


   Skills:
 - Level 2.0 Fighting
 * Level 13.6 Long Blades
 - Level 1.1 Throwing
 + Level 7.7 Armour
 + Level 9.6 Dodging
 - Level 2.4 Spellcasting
 - Level 3.2 Translocations
 + Level 7.0 Evocations


You had 6 spell levels left.
You knew the following spells:

 Your Spells              Type           Power        Failure   Level  Hunger
a - Apportation           Tloc           ##........   8%          1    #......
b - Blink                 Tloc           N/A          12%         2    ##.....
c - Shroud of Golubria    Chrm/Tloc      #.........   17%         2    ##.....
d - Teleport Other        Tloc           ##......     21%         3    ###....


Dungeon Overview and Level Annotations

Branches:
Dungeon (9/15)             Temple (1/1) D:6            Lair (2/8) D:8
    Orc: D:9-12

Altars:
Ashenzari
Cheibriados
Dithmenos
Elyvilon
Fedhas
Kikubaaqudgha
Makhleb
Nemelex Xobeh
Okawaru
Qazlal
Ru
Sif Muna
Trog
Vehumet
Xom
Yredelemnul
Zin
The Shining One

Shops:
D:6 }   D:7 [

Annotations:
D:9 Duskembrace's ghost, experienced TrTm; Prince Ribbit


Innate Abilities, Weirdness & Mutations

You cannot be stealthy.


Message History

The yak is heavily wounded.
The fireball engulfs the plant.
The plant is lightly damaged.
This wand has 1 charge left.
* * * LOW HITPOINT WARNING * * *
You feel sick.
Drink which item? (? for menu, Esc to quit)
You feel better. The yak gores you!
* * * LOW HITPOINT WARNING * * *
Your shroud falls apart!
Unknown command.
Eat which item? (? for menu, Esc to quit)
Okay, then.
Read which item? (? for menu, Esc to quit)
Okay, then.
Eat which item? (? for menu, Esc to quit)
That orange was delicious!
Even the peel tasted good!
You are feeling very hungry.
The yak gores you!
You die...

.##.......###.#.............P....
###.............P.........P......
.................................
.................P...............
.................................
..........................P......
.................................
......................PPP..#P+#..
..#.............@.....#.......#..
..#.......###P###Y....#.......#..
........#.#.#####.....#......†#..
........##>....#...<..#..........
...............#P.............#..
...............##r............#..
..#.....+......##.....##....###..
.........#.....##................
P##......########Y...............


You could see 2 yaks and a porcupine.

Vanquished Creatures
  The ghost of EdwardR the Shield-Bearer, an experienced MiFi of the Shining One (D:6)
  A black mamba (Lair:1)
  3 spiny frogs (Lair:1)
  2 komodo dragons (Lair:1)
  A fire drake (D:8)
  A two-headed ogre (D:8)
  A basilisk (Lair:2)
  A blink frog (Lair:1)
  7 yaks
  A hungry ghost (D:6)
  3 hippogriffs
  Menkaure (Ossuary)
  The ghost of runewalsh the Chiller, an average OpIE (Ossuary)
  4 porcupines (Lair:1)
  3 ice beasts
  2 orc warriors (D:9)
  7 water moccasins
  A black bear (D:6)
  A wasp (D:7)
  3 centaurs (D:6)
  2 crocodiles (Lair:1)
  5 giant frogs
  An ogre (D:6)
  4 big kobolds
  A wyvern skeleton (D:9)
  A water moccasin skeleton (D:4)
  2 scorpions
  A jelly (D:8)
  8 killer bees
  A wight (D:9)
  2 goliath beetles (D:8)
  8 crimson imps
  6 hounds
  8 orc wizards
  A centaur zombie (D:6)
  4 orc priests
  A centaur skeleton (D:5)
  2 iguanas
  A quasit (D:6)
  Natasha (thrice) (D:4)
  9 worker ants
  Ijyb (D:2)
  A hound zombie (D:8)
  A mummy (Ossuary)
  2 worker ant zombies
  22 adders
  7 gnolls (D:6)
  36 river rats
  2 shadow imps
  A worm (D:5)
  2 adder skeletons (D:4)
  5 giant geckos
  An ooze (D:4)
  36 orcs
  A bat skeleton (D:6)
  A bat zombie (D:5)
  14 goblins
  17 hobgoblins
  19 jackals
  7 quokkas
  2 ball pythons (D:3)
  23 bats
  3 giant cockroaches
  A giant gecko skeleton (D:8)
  A giant gecko zombie (D:7)
  6 giant newts
  4 gnoll skeletons (Ossuary)
  3 gnoll zombies (Ossuary)
  A goblin skeleton (Ossuary)
  2 goblin zombies (Ossuary)
  4 hobgoblin zombies (Ossuary)
  29 kobolds
  3 kobold skeletons (Ossuary)
  A kobold zombie (Ossuary)
  2 orc skeletons (Ossuary)
  2 quokka skeletons
  24 rats
  A rat zombie (Ossuary)
404 creatures vanquished.

Vanquished Creatures (others)
  2 mummies (Ossuary)
  A quokka (D:6)
  2 gnoll skeletons (Ossuary)
  3 gnoll zombies (Ossuary)
  3 goblin skeletons (Ossuary)
  4 goblin zombies (Ossuary)
  A hobgoblin zombie (Ossuary)
  4 kobold skeletons (Ossuary)
  3 kobold zombies (Ossuary)
  2 orc skeletons (Ossuary)
  2 orc zombies (Ossuary)
  4 rat skeletons (Ossuary)
  A rat zombie (Ossuary)
32 creatures vanquished.

Grand Total: 436 creatures vanquished

Notes
Turn   | Place    | Note
--------------------------------------------------------------
     0 | D:1      | DEFE, the High Elf Warper, began the quest for the Orb.
     0 | D:1      | Reached XP level 1. HP: 14/14 MP: 4/4
   397 | D:1      | Reached skill level 1 in Armour
   422 | D:1      | Reached XP level 2. HP: 13/19 MP: 6/6
  1202 | D:2      | Found a sacrificial altar of Ru.
  1202 | D:2      | Noticed Ijyb
  1249 | D:2      | Killed Ijyb
  1249 | D:2      | Reached XP level 3. HP: 12/24 MP: 8/8
  1403 | D:2      | Found a sparkling altar of Nemelex Xobeh.
  1505 | D:2      | Learned a level 2 spell: Blink
  1535 | D:2      | Reached XP level 4. HP: 26/29 MP: 11/11
  1644 | D:2      | Learned a level 2 spell: Shroud of Golubria
  2226 | D:2      | Became a worshipper of Ru the Awakened
  2384 | D:2      | Found an iron altar of Okawaru.
  2586 | D:3      | Reached skill level 4 in Long Blades
  2586 | D:3      | Reached XP level 5. HP: 22/34 MP: 12/12
  2701 | D:3      | Found a burning altar of Makhleb.
  2970 | D:3      | Found a shattered altar of Ashenzari.
  3808 | D:4      | Learned a level 3 spell: Teleport Other
  4184 | D:4      | Reached skill level 5 in Long Blades
  4184 | D:4      | Reached XP level 6. HP: 29/39 MP: 15/15
  4252 | D:4      | Noticed Natasha
  4268 | D:4      | Killed Natasha
  5550 | D:4      | Noticed Natasha
  5557 | D:4      | Killed Natasha
  5626 | D:4      | Noticed Natasha
  5632 | D:4      | Killed Natasha
  5762 | D:5      | Entered Level 5 of the Dungeon
  6044 | D:5      | Reached skill level 6 in Long Blades
  6100 | D:5      | Reached XP level 7. HP: 45/45 MP: 17/17
  6413 | D:6      | Reached skill level 5 in Dodging
  6423 | D:6      | Found Koanaaf's Gadget Boutique.
  6429 | D:6      | Found a bloodstained altar of Trog.
  6450 | D:6      | Reached skill level 7 in Long Blades
  6787 | D:6      | Found a white marble altar of Elyvilon.
  6810 | D:6      | Found a staircase to the Ecumenical Temple.
  7055 | D:6      | Found a deep blue altar of Sif Muna.
  7060 | D:6      | Found a shattered altar of Ashenzari.
  7668 | D:6      | HP: 2/45 [poisoned by a scorpion]
  7676 | D:6      | HP: 2/45 [poisoned by a scorpion]
  8043 | D:6      | Reached XP level 8. HP: 18/50 MP: 18/18
  8085 | D:6      | Reached skill level 8 in Long Blades
  8878 | D:6      | Noticed EdwardR's ghost (experienced MiFi)
  9303 | D:7      | Found Plucapt's Antique Armour Boutique.
  9359 | D:7      | Found a sand-covered staircase.
  9368 | Ossuary  | Entered an ossuary
  9580 | Ossuary  | Noticed runewalsh's ghost (average OpIE)
  9610 | Ossuary  | Killed runewalsh's ghost
  9610 | Ossuary  | Reached skill level 9 in Long Blades
  9610 | Ossuary  | Reached skill level 5 in Armour
  9821 | Ossuary  | Noticed Menkaure
  9833 | Ossuary  | Killed Menkaure
 10126 | D:7      | Reached skill level 1 in Evocations
 10719 | D:7      | Reached XP level 9. HP: 45/54 MP: 20/20
 10868 | D:6      | Killed EdwardR's ghost
 10868 | D:6      | Reached skill level 10 in Long Blades
 12017 | Temple   | Entered the Ecumenical Temple
 12417 | D:7      | Reached skill level 11 in Long Blades
 13215 | D:8      | Noticed a fire drake
 13530 | D:8      | Killed a fire drake
 13530 | D:8      | Reached XP level 10. HP: 30/60 MP: 21/21
 13756 | D:8      | Found a radiant altar of Vehumet.
 13800 | D:8      | Gained mutation: You cannot be stealthy. [Ru sacrifice]
 14643 | D:7      | Paralysed by a wasp for 3 turns
 15170 | D:8      | Found a staircase to the Lair.
 15230 | D:8      | Found an ancient bone altar of Kikubaaqudgha.
 15483 | D:9      | Noticed Duskembrace's ghost (experienced TrTm)
 15709 | D:9      | Reached skill level 12 in Long Blades
 15720 | D:9      | Reached skill level 5 in Evocations
 15836 | D:9      | Noticed Prince Ribbit
 16169 | Lair:1   | Entered Level 1 of the Lair of Beasts
 16548 | Lair:1   | Noticed a black mamba
 16565 | Lair:1   | Killed a black mamba
 17051 | Lair:1   | Reached skill level 13 in Long Blades
 17239 | Lair:1   | Reached XP level 11. HP: 41/64 MP: 24/24
 19394 | Lair:2   | Slain by a yak

Action                   |  1- 3 |  4- 6 |  7- 9 | 10-12 || total
-------------------------+-------+-------+-------+-------++-------
Melee: Falchion          |   132 |   527 |   912 |   909 ||  2480
Throw: Tomahawk          |       |       |     2 |     9 ||    11
 Cast: Teleport Other    |       |     1 |     3 |    11 ||    15
       Blink             |       |       |     9 |    13 ||    22
       Shroud of Golubri |       |       |     3 |    16 ||    19
Invok: Reject Sacrifices |       |       |     1 |     1 ||     2
       Sacrifice Stealth |       |       |       |     1 ||     1
Evoke: Wand              |       |       |     2 |    27 ||    29
  Use: Potion            |     2 |       |     8 |     4 ||    14
       Scroll            |       |     4 |    12 |     7 ||    23
 Stab: Invisible         |     5 |       |       |       ||     5
       Paralysed         |       |     1 |       |       ||     1
       Sleeping          |       |     2 |     1 |       ||     3
       Distracted        |       |       |     2 |       ||     2
  Eat: Chunk             |     2 |    13 |     6 |    12 ||    33
       Meat ration       |       |     1 |     2 |       ||     3
       Bread ration      |       |       |     2 |     2 ||     4
       Fruit             |       |       |       |     3 ||     3
